Map: New Repugnancy LE

Players

llllllllllll

  • Race: Protoss Protoss
  • League: Master
  • Spawn Location: 7:00

HikawaHina - Winner!

  • Race: Zerg Zerg
  • League: Master
  • Spawn Location: 1:00

VOD

Have the link to the VOD?

Description

Time

  • Played on: Jan. 27, 2019, 8:04 a.m.
  • Length: 5:08
Show
View Real Time Build Order
Export as new Build Order

llllllllllll Protoss 

Build Orders: 1 Gate Expand, Oracle Opening 

Get SALT Encoding   

  12  0:00  Probe  
  13  0:12  Probe  
  14  0:21  Pylon  
  14  0:24  Probe  
  15  0:35  Probe  
  16  0:43  Gateway, Probe  
  16  0:48  Assimilator  
  17  0:53  Probe  
  18  1:05  Probe  
  19  1:17  Probe  
  20  1:27  Nexus  
  20  1:38  Cybernetics Core  
  20  1:47  Assimilator  
  20  1:52  Pylon  
  20  1:53  Probe  
  21  2:05  Adept, Probe  
  24  2:18  Pylon  
  24  2:25  Gateway  
  24  2:28  Adept  
  26  2:41  Stargate, Probe  
  28  2:51  Stalker  
  27  3:00  Shield Battery  
  29  3:06  Shield Battery  
  29  3:14  Shield Battery  
  29  3:16  Oracle  
  30  3:32  Pylon  
  30  3:43  Void Ray  
  30  3:45  Pylon  
  34  4:10  Gateway  
  34  4:16  Pylon  
  33  4:25  Probe x2  
  31  4:36  Pylon  
  32  4:47  Probe  
  32  4:48  Probe  
Show
View Real Time Build Order
Export as new Build Order

HikawaHina Zerg - Winner!

Build Orders: Pool First 

Get SALT Encoding   

  12  0:00  Drone  
  13  0:13  Overlord  
  13  0:19  Drone  
  14  0:32  Drone x2  
  16  0:48  Drone, Spawning Pool  
  16  0:52  Drone  
  17  1:18  Hatchery  
  16  1:23  Extractor  
  15  1:35  Zergling x6  
  18  1:46  Zergling x2  
  19  1:56  Zergling x2  
  20  2:09  Zergling x2  
  21  2:18  Zergling x2  
  22  2:30  Queen  
  22  2:31  Spine Crawler  
  22  2:32  Spine Crawler, Drone  
  22  2:34  Zergling x2  
  24  2:43  Metabolic Boost  
  24  2:48  Spine Crawler  
  24  2:50  Zergling x2  
  24  2:55  Zergling x2  
  24  3:00  Zergling x2  
  24  3:16  Zergling x2  
  24  3:17  Zergling x6  
  26  3:24  Zergling x2  
  26  3:25  Zergling x2  
  25  3:39  Zergling x6  
  24  3:51  Queen  
  24  3:52  Zergling x2  
  26  3:57  Zergling x2  
  26  3:59  Zergling x2  
  24  4:08  Zergling x4  
  24  4:12  Zergling x2  
  24  4:26  Zergling x4  
  24  4:31  Zergling x2  
  24  4:37  Zergling x2  
  26  4:45  Zergling x2  
Tags
 
Add a new tag
Caveats
  • Supply blocks, unpowered buildings, or Contaminate may cause inaccurate times.
  • Supply counts are checked every 10 seconds.